 Dungeon Crawl Stone Soup version 0.21-a0-352-g5b8f553 (webtiles) character file.

5 theanonym the Skirmisher (level 1, 0/21 HPs)
             Began as a Gargoyle Berserker on Oct 11, 2017.
             Was a Follower of Trog.
             Slain by a hobgoblin
             ... wielding a +0 club
              (1 damage)
             ... on level 1 of the Dungeon.
             The game lasted 00:00:40 (96 turns).

theanonym the Skirmisher (Gargoyle Berserker)         Turns: 96, Time: 00:00:41

Health: 0/21       AC:  4    Str: 21    XL:     1   Next: 80%
Magic:  1/1        EV: 12    Int:  7    God:    Trog [*.....]
Gold:   0          SH:  0    Dex:  9    Spells: 0/0 levels left

rFire    . . .     SeeInvis .   a - +0 mace
rCold    . . .     Gourm    .   (no shield)
rNeg     + . .     Faith    .   b - +0 animal skin
rPois    ∞         Spirit   .   (no helmet)
rElec    +         Reflect  .   (no cloak)
rCorr    .         Harm     .   (no gloves)
MR       .....                  (no boots)
Stlth    ..........             (no amulet)
HPRegen  0.07/turn              d - -4 ring of strength (curse)
MPRegen  0.07/turn              (no ring)

@: berserking, very quick
A: negative energy resistance 1, electricity resistance, unbreathing,
petrification resistance, rot immunity, AC +2
a: Berserk, Burn Spellbooks, Renounce Religion


You were on level 1 of the Dungeon.
You worshipped Trog.
Trog was aware of your devotion.
You were not hungry.

You visited 1 branch of the dungeon, and saw 1 of its levels.

Inventory:

Hand Weapons
 a - a +0 mace (weapon)
Armour
 b - a +0 animal skin (worn)
Jewellery
 d - a cursed -4 ring of strength (left hand)
   (You found it on level 1 of the Dungeon)
Potions
 e - a potion of heal wounds {unknown}
Comestibles
 c - a bread ration {@e1}
 f - 2 chunks of flesh {@w0}


   Skills:
 + Level 3.4 Fighting
 + Level 3.1 Maces & Flails
 + Level 2.2 Armour
 - Level 1.5 Dodging


You couldn't memorise any spells.
You didn't know any spells.

Dungeon Overview and Level Annotations

Branches:
Dungeon (1/15)

Altars:


Innate Abilities, Weirdness & Mutations

You are resistant to torment.
Your stone body is resilient. (AC +2)
You are immune to poison.
You resist negative energy. (rN+)
You are resistant to electric shocks. (rElec)
You can survive without breathing.
You are immune to petrification.
You are immune to rotting.


Message History

Trog says: Kill them all!
Found a staircase leading out of the dungeon.
A bat comes into view.
The bat hits you but does no damage. The bat completely misses you.
You hit the bat.
You kill the bat!
Trog accepts your kill.
No target in view!
No target in view!
No target in view!
d - a tubular wooden ring Put on which piece of jewellery? (? for menu, Esc to quit)
You feel weaker.
Oops, that ring feels deathly cold.
d - a cursed -4 ring of strength (left hand)
A goblin comes into view. It is wielding a dagger.
A goblin is nearby!
The goblin shouts!
You hear a shout! x2
A goblin comes into view. It is wielding a dagger.
A kobold comes into view. It is wielding a short sword.
The kobold shouts!
You hear a shout!
The kobold closely misses you.
You thump the goblin!
You kill the goblin!
Trog accepts your kill. The kobold closely misses you. x2
A goblin comes into view.
You hit the kobold. The kobold hits you but does no damage.
You closely miss the kobold. The goblin barely misses you.
The kobold closely misses you.
A goblin comes into view. It is wielding a dagger.
You hit the kobold.
You kill the kobold!
Trog accepts your kill. The goblin hits you but does no damage.
You barely miss the goblin. The goblin misses you.
The goblin hits you but does no damage. The goblin closely misses you.
The goblin barely misses you.
You completely miss the goblin. The goblin closely misses you.
The goblin misses you.
You closely miss the goblin. The goblin closely misses you. x2
You hit the goblin. The goblin closely misses you.
The goblin barely misses you. The goblin barely misses you.
You sock the goblin!
You kill the goblin!
Trog accepts your kill.
You barely miss the goblin. The goblin hits you but does no damage.
The goblin closely misses you.
You closely miss the goblin. The goblin hits you but does no damage.
You barely miss the goblin. The goblin hits you but does no damage.
You sock the goblin!
You kill the goblin!
Trog accepts your kill.
You sock the goblin!
You kill the goblin!
Trog accepts your kill.
No target in view!
No target in view!
No target in view!
No target in view!
Things that are here:
a dagger x2; a goblin corpse You butcher the goblin corpse.
f - 2 chunks of flesh {@w0}
Things that are here:
a dagger x2
Things that are here:
a dagger; a mace
e - an emerald potion
Things that are here:
a dagger; a mace A hobgoblin comes into view.
It is wielding a club.
The hobgoblin shouts!
The hobgoblin hits you with a club.
You take 4 damage, and have 10/14 hp.
MASSIVE DAMAGE!!
You closely miss the hobgoblin. The hobgoblin barely misses you.
You hit the hobgoblin but do no damage.
The hobgoblin hits you but does no damage.
The hobgoblin misses you.
You barely miss the hobgoblin. The hobgoblin closely misses you.
You closely miss the hobgoblin. The hobgoblin hits you with a club.
You take 3 damage, and have 7/14 hp.
MASSIVE DAMAGE!!
You hit the hobgoblin but do no damage. The hobgoblin barely misses you.
You closely miss the hobgoblin. The hobgoblin hits you with a club.
* * * LOW HITPOINT WARNING * * *
A rat comes into view.
You take 3 damage, and have 4/14 hp.
MASSIVE DAMAGE!!
You hit the hobgoblin. The hobgoblin misses you.
You hit the hobgoblin but do no damage. The hobgoblin hits you with a club.
* * * LOW HITPOINT WARNING * * *
You take 3 damage, and have 1/14 hp.
MASSIVE DAMAGE!!
A red film seems to cover your vision as you go berserk!
You feel yourself moving faster!
You feel mighty!
You feel a lot more hungry. The hobgoblin hits you with a club.
You die...

##.## #.... ##...## #...
.. #.....#######.## .
.......#..#.....r.# . .
..................#.# ..
###..#.#..#.#.....#.#...
##.....##.##..........
#.###.##.####........
#.# ##.#.# #@.#####. ##
##.....g.# ######.## .(.
... ..... ..... #.....#


You could see a hobgoblin and a rat.

Vanquished Creatures
  A bat (D:1)
  4 goblins (D:1)
  A kobold (D:1)
6 creatures vanquished.

Notes
Turn   | Place    | Note
-------+----------+-------------------------------------------
     0 | D:1      | theanonym the Gargoyle Berserker began the quest for the Orb.
     0 | D:1      | Reached XP level 1. HP: 14/14 MP: 1/1
    95 | D:1      | HP: 1/14 [hobgoblin/club (4)]
    96 | D:1      | Slain by a hobgoblin

Vault maps used:
D:1:      dpeg_arrival_tiny_k

Action                   || total
-------------------------++-------
Melee: Mace              ||    23
Invok: Berserk           ||     1
Armor: Animal skin       ||     8
Dodge: Dodged            ||    22

Table legend:
 A = Spawn XP
 B = Non-spawn XP
 C = Spawn XP percentage of total XP
 D = Spawn monster count
 E = Non-spawn monster count
 F = Spawn count percentage of total count
 G = Total turns spent on level
                    A         B        C        D         E        F      G
               +---------+---------+-------+---------+---------+-------+---------
         Total |       0 |       8 |   0.0 |       0 |       6 |   0.0 |    96
               +---------+---------+-------+---------+---------+-------+---------
           D:1 |       0 |       8 |   0.0 |       0 |       6 |   0.0 |    96
               +---------+---------+-------+---------+---------+-------+---------

Vault maps used:
D:1:      dpeg_arrival_tiny_k

Table legend:
 A = Turns spent in this place as a percentage of turns spent in the entire game.
 B = Non-inter-level travel turns spent in this place as a percentage of non-inter-level travel turns spent in the entire game.
 C = Inter-level travel turns spent in this place as a percentage of turns spent in this place.
 D = Turns resting spent in this place as a percentage of non-inter-level travel turns spent in this place.
 E = Turns spent auto-exploring this place as a percentage of non-inter-level travel turns spent in this place.
 F = Non-inter-level travel turns spent in this place divided by the number of levels of this place that you've seen.
                   A       B       C       D       E      F
               +-------+-------+-------+-------+-------+----------------------
         Total | 100.0 | 100.0 |   0.0 |   0.0 |  57.3 |  96.0
       Dungeon | 100.0 | 100.0 |   0.0 |   0.0 |  57.3 |  96.0
               +-------+-------+-------+-------+-------+----------------------

Table legend:
 A = Kills in this place as a percentage of kills in entire the game.
 B = Kills by you in this place as a percentage of kills by you in the entire game.
 C = Kills by friends in this place as a percentage of kills by friends in the entire game.
 D = Other kills in this place as a percentage of other kills in the entire game.
 E = Experience gained in this place as a percentage of experience gained in the entire game.
 F = Experience gained in this place divided by the number of levels of this place that you have seen.
                   A       B       C       D       E      F
               +-------+-------+-------+-------+-------+----------------------
         Total | 100.0 | 100.0 |   N/A |   N/A | 100.0 |   8.0
       Dungeon | 100.0 | 100.0 |   N/A |   N/A | 100.0 |   8.0
               +-------+-------+-------+-------+-------+----------------------
